AoeStats
← 耿信

Arabia

504191182Analyzed
2v2 RM · 29d ago on Sep 4, 2026· 33m 54s· 4 players
Game mode
Random Map
Map size
Medium (4 player)
Population
200
Speed
Normal
Resources
Standard
Victory
Conquest
Starting age
Dark Age
Ending age
Imperial Age
RankedLock teamsTeams togetherTeam positionsShared explorationLock speedFull tech treeHidden civsTurbo modeCheats
Victory
Defeat
🇩🇪 Byzantines · Germany
597
+7
🇨🇳 Huns · China
441
+14
🇷🇺 Berbers · Russia
399
-11
🇷🇺 Sicilians · Russia
373
-10
耿信
14:43 Feudal Age
16:46 Wheelbarrow
16:00 Double-Bit Axe
15:59 Horse Collar
18:17 Bloodlines
20:38 Scale Barding Armor
20:45 Forging
20:55 Gold Mining
23:49 Castle Age
25:54 Hand Cart
25:41 Heavy Plow
25:54 Bow Saw
26:24 Gold Shaft Mining
25:40 Stone Mining
25:44 Light Cavalry
26:25 Husbandry
30:54 Chain Barding Armor
31:10 Iron Casting
Fredl_5.8
1:17 Loom
10:24 Feudal Age
11:04 Double-Bit Axe
19:44 Castle Age
17:53 Arson
18:19 Stone Mining
20:30 Squires
19:51 Pikeman
21:01 Bow Saw
26:17 Pikeman
27:51 Forging
27:33 Fletching
28:52 Horse Collar
33:47 Imperial Age
31:52 Treadmill Crane
32:32 Fortified Wall
michaelprodreamer
14:11 Feudal Age
15:27 Wheelbarrow
14:35 Horse Collar
14:42 Double-Bit Axe
16:13 Gold Mining
25:34 Castle Age
Dripak
13:01 Feudal Age
14:35 Wheelbarrow
18:52 Town Watch
19:01 Town Watch
19:05 Loom
25:49 Castle Age
28:23 Husbandry
28:30 Light Cavalry
Connection lost

Rejoining the realm…

Still unreachable

The connection could not be restored.

Session expired

The server has moved on; the page needs a fresh start.